 Dungeon Crawl Stone Soup version 0.22.0-35-ge4bf2f5f59 (webtiles) character file.

656 Rrauwl the Slasher (level 7, 0/54 HPs)
             Began as a Barachi Fighter on Aug 24, 2018.
             Slain by a mummy (15 damage)
             ... on level 5 of the Dungeon.
             The game lasted 00:10:27 (4436 turns).

Rrauwl the Slasher (Barachi Fighter)                Turns: 4436, Time: 00:10:28

Health: 0/54       AC:  6    Str: 19    XL:     7   Next: 55%
Magic:  7/7        EV:  9    Int:  9    God:
Gold:   76         SH: 10    Dex: 11    Spells: 4/6 levels left

rFire    . . .     SeeInvis .   a - +1 long sword
rCold    + . .     Gourm    .   p - +0 shield
rNeg     . . .     Faith    .   k - +1 leather armour "Sepnav" {rC+ Slay+2}
rPois    .         Spirit   .   m - +0 helmet
rElec    .         Reflect  .   (no cloak)
rCorr    .         Harm     .   (no gloves)
MR       .....                  j - +0 pair of boots
Stlth    +.........             (no amulet)
HPRegen  0.18/turn              (no ring)
MPRegen  0.10/turn              (no ring)

@: slow
A: +LOS, swims, slowness 1, strong legs 1
a: Hop


You were on level 5 of the Dungeon.
You were not hungry.

You visited 1 branch of the dungeon, and saw 5 of its levels.

You collected 76 gold pieces.

Inventory:

Hand Weapons
 a - a +1 long sword (weapon)
 c - a +0 dagger of speed
Armour
 j - a +0 pair of boots (worn)
 k - the +1 leather armour "Sepnav" (worn) {rC+ Slay+2}
   (You found it on level 4 of the Dungeon)

   It affects your accuracy and damage with ranged weapons and melee attacks
   (+2).
   It protects you from cold.
 m - a +0 helmet (worn)
 p - a +0 shield (worn)
Wands
 n - a wand of digging (8)
Scrolls
 b - 2 scrolls of teleportation
 d - 2 scrolls of remove curse
 q - 2 scrolls of amnesia
Potions
 f - a potion of magic
 g - a potion of brilliance
 h - 2 potions of curing
 i - a potion of heal wounds
 l - a potion of cancellation
Comestibles
 e - 6 rations
 o - a chunk of flesh


   Skills:
 - Level 4.0 Fighting
 + Level 7.0 Long Blades
 - Level 4.0 Armour
 + Level 6.8 Shields


You had 4 spell levels left.
You knew the following spells:

 Your Spells              Type           Power        Failure   Level  Hunger
a - Passwall              Tmut/Erth      #.......     91%         2    ###....

Your spell library contained the following spells:

 Spells                   Type           Power        Failure   Level  Hunger
 Sandblast                Erth           #.....       80%         1    ##.....
 Stone Arrow              Conj/Erth      #.....       99%         3    ####...
 Petrify                  Tmut/Erth      #.......     100%        4    #####..
 Lee's Rapid Deconstruct  Erth           #.........   100%        5    ######.


Dungeon Overview and Level Annotations

Branches:
Dungeon (5/15)
 Temple: D:4-7

Altars:
Hepliaklqana

Shops:
D:4 [

Portals:
Ossuary: D:5


Innate Abilities, Weirdness & Mutations

Shadows flee at your approach. (+LOS)
You can swim through water.
You cover ground slowly.
You can hop short distances.


Message History

You hit Blork the orc.
Blork the orc is almost dead.
You block Blork the orc's attack.
You closely miss Blork the orc.
Blork the orc is almost dead.
You block Blork the orc's attack.
You slash Blork the orc!
You kill Blork the orc!
Your Long Blades skill increases to level 7!
The mummy hits you but does no damage.
Things that are here:
a battleaxe; a robe You hit the mummy.
The mummy is moderately damaged.
The mummy hits you!
* * * LOW HITPOINT WARNING * * *
You slash the mummy!
The mummy is severely damaged.
The mummy hits you!
You die...

#?..###'###.....##
........#.......#..#..#
8..##..###.....###..#.##
. (..##∩##...##.##....#
....###'###.###'###...#
.#.....................#
#########.....#########
#M.#### #@## #.# #.# #.#
#.# #.# #.# #.# #.#


You could see a mummy.

Vanquished Creatures
  An ogre (D:4)
  Blork the orc (D:5)
  An orc priest (D:4)
  A hound (D:5)
  2 iguanas
  Ijyb (D:2)
  A bullfrog skeleton (D:5)
  3 orc wizards (D:4)
  A worker ant (D:5)
  10 adders
  A howler monkey skeleton (D:4)
  3 oozes
  5 dart slugs
  2 leopard geckos
  4 orcs
  4 giant cockroaches
  11 goblins
  12 hobgoblins
  22 jackals
  2 quokkas
  2 ball pythons (D:1)
  7 bats
  2 frilled lizards
  A goblin zombie (D:5)
  A jackal skeleton (D:4)
  7 kobolds
  A kobold zombie (D:5)
  10 rats
119 creatures vanquished.

Notes
Turn   | Place    | Note
-------+----------+-------------------------------------------
     0 | D:1      | Rrauwl the Barachi Fighter began the quest for the Orb.
     0 | D:1      | Reached XP level 1. HP: 18/18 MP: 1/1
   295 | D:1      | Reached XP level 2. HP: 20/25 MP: 2/2
   392 | D:1      | Reached skill level 3 in Long Blades
   392 | D:1      | Reached XP level 3. HP: 21/30 MP: 3/3
  1066 | D:2      | Reached XP level 4. HP: 16/37 MP: 4/4
  1435 | D:2      | Noticed Ijyb
  1435 | D:2      | Reached skill level 4 in Long Blades
  1512 | D:2      | Killed Ijyb
  1512 | D:2      | Reached XP level 5. HP: 19/42 MP: 5/5
  1821 | D:2      | Found a hazy altar of Hepliaklqana.
  2362 | D:3      | Reached skill level 5 in Shields
  2727 | D:3      | Reached skill level 5 in Long Blades
  2737 | D:3      | HP: 2/42 [iguana (2)]
  2738 | D:3      | Reached XP level 6. HP: 2/48 MP: 6/6
  3285 | D:4      | Got a bloodstained leather armour
  3296 | D:4      | Identified the +1 leather armour "Sepnav" {rC+ Slay+2} (You found it on level 4 of the Dungeon)
  3706 | D:4      | Found Zosov's Armour Shop.
  3845 | D:4      | Reached skill level 6 in Long Blades
  3849 | D:4      | Reached XP level 7. HP: 31/54 MP: 7/7
  3969 | D:4      | Learned a level 2 spell: Passwall
  4252 | D:5      | Entered Level 5 of the Dungeon
  4411 | D:5      | Noticed Blork the orc
  4420 | D:5      | Found a sand-covered staircase.
  4433 | D:5      | Killed Blork the orc
  4433 | D:5      | Reached skill level 7 in Long Blades
  4436 | D:5      | Slain by a mummy

Skill      XL: |  1  2  3  4  5  6  7 |
---------------+----------------------+-----
Armour         | 4 |  4.0
Fighting       | 4 |  4.0
Long Blades    | 3 4 5 6 7 |  7.0
Shields        | 4 5 6 |  6.8

Action                   |  1- 3 |  4- 6 |  7- 9 || total
-------------------------+-------+-------+-------++-------
Melee: Long sword        |   119 |   347 |    72 ||   538
Evoke: Wand              |       |     1 |       ||     1
  Use: Potion            |       |     7 |     1 ||     8
       Scroll            |       |     8 |     1 ||     9
  Eat: Ration            |       |     1 |       ||     1
       Chunk             |       |     7 |     3 ||    10
Armor: Scale mail        |    59 |   115 |       ||   174
       Skin              |       |    41 |       ||    41
       Plate armour      |       |    60 |       ||    60
       Leather armour    |       |     6 |    17 ||    23
Dodge: Dodged            |    36 |   114 |    14 ||   164
Block: Shield            |    62 |   202 |    30 ||   294
       Rpst.: Long sword |    14 |    27 |     5 ||    46
